AoeStats
← [KMNB] Bandeira

Lombardia

509876482Analyzed
2v2 RM · 4d ago on Sep 28, 2026· 21m 40s· 4 players
Game mode
Random Map
Map size
Medium (4 player)
Population
200
Speed
Normal
Resources
Standard
Victory
Conquest
Starting age
Dark Age
Ending age
Imperial Age
RankedLock teamsTeams togetherTeam positionsShared explorationLock speedFull tech treeHidden civsTurbo modeCheats
Victory
Defeat
🇧🇷 Magyars · Brazil
1551
+14
🇧🇷 Italians · Brazil
1474
+17
🇨🇳 Mongols · China
1518
-16
🇦🇷 Magyars · Argentina
1489
-15
AkiLLes
6:20 Loom
8:53 Feudal Age
9:56 Double-Bit Axe
16:07 Scale Barding Armor
21:48 Castle Age
20:40 Bloodlines
21:39 Gold Mining
21:31 Horse Collar
快乐不易
8:35 Feudal Age
9:31 Double-Bit Axe
9:28 Horse Collar
14:15 Loom
15:23 Bloodlines
20:19 Castle Age
[KMNB] Bandeira
6:40 Loom
9:19 Feudal Age
10:23 Double-Bit Axe
10:34 Horse Collar
13:19 Scale Barding Armor
22:43 Castle Age
[KMNB] Dedão
6:32 Loom
9:08 Feudal Age
13:56 Fletching
15:54 Padded Archer Armor
17:23 Wheelbarrow
17:38 Horse Collar
22:28 Castle Age
20:26 Gold Mining
Connection lost

Rejoining the realm…

Still unreachable

The connection could not be restored.

Session expired

The server has moved on; the page needs a fresh start.